Saguenéens vs Sewer Rats
Created - 23 décembre 2016 at 19:15
Goals
|
| Saguenéens |
1 |
1 |
1 |
3 |
| Sewer Rats |
2 |
1 |
3 |
6 |
|
Shots
|
| Saguenéens |
10 |
10 |
12 |
32 |
| Sewer Rats |
8 |
21 |
11 |
40 |
|
1st period
1. Sewer Rats , Mark Mancari 14 (Mattias Ekholm) at 3:06
2. Sewer Rats , Vojtech Polak 13 (Jared Boll, Richard Jackman) at 3:48
3. Saguenéens , Tyler Pitlick 4 (Carl Hagelin, Rickard Rakell) at 16:24
Penalties :
Tim Kennedy (Chi) for High sticking (Minor) at 17:08
2nd period
4. Sewer Rats , Daniel Carr 3 (Matt Lashoff, William Karlsson) at 7:02
5. Saguenéens , Erik Haula 4 (Tyler Kennedy, Mason Raymond) at 9:38 (PP)
Penalties :
Richard Jackman (Tol) for Cross-checking (Minor) at 9:22, Rickard Rakell (Chi) for Hooking (Minor) at 11:07
3rd period
6. Saguenéens , Juraj Mikus 16 (Tim Kennedy, Dalton Prout) at 0:32
7. Sewer Rats , Jonathan Marchessault 7 (Vojtech Polak, Jared Boll) at 6:01
8. Sewer Rats , Ville Leino 15 (Kyle Turris) at 8:05
9. Sewer Rats , Patrick Bordeleau 3 (Derek Dorsett, Kyle Quincey) at 17:22
Penalties :
Derek Dorsett (Tol) for Hooking (Minor) at 3:02, Juraj Mikus (Chi) for Delaying the game (Minor) at 9:52
Goalie Stats
Mike Smith (Chi), 34 saves from 40 shots - (0,850), L, 14-10-1, 60:00 minutes
Richard Bachman (Tol), 29 saves from 32 shots - (0,906), W, 11-4-1, 60:00 minutes
Players Stats for Saguenéens
Player Name G A P +/- PIM S H SB GA TA FO MP PP MP PK MP
------------------------------------------------------------------------------------
Brett Lebda 0 0 0 -2 0 6 1 1 1 1 0/0 27:53 1:28 3:21
Carl Hagelin 0 1 1 -2 0 1 1 0 0 1 1/1 13:56 0:00 0:00
Craig Cunningham 0 0 0 0 0 1 0 0 0 0 0/0 6:34 0:00 0:58
Dalton Prout 0 1 1 1 0 0 2 1 0 1 0/0 20:09 0:47 2:36
Erik Haula 1 0 1 -1 0 4 0 0 1 0 13/26 19:08 1:23 1:44
Juraj Mikus 1 0 1 -1 2 3 2 0 1 0 10/16 16:53 0:52 0:00
Kevin Marshall 0 0 0 -2 0 1 0 1 0 1 0/0 25:06 1:28 3:21
Luke Witkowski 0 0 0 1 0 1 0 1 0 1 0/0 20:09 0:47 2:36
Mason Raymond 0 1 1 -1 0 1 3 2 0 0 1/2 20:33 1:23 3:15
Nick Mattson 0 0 0 0 0 0 0 0 0 0 0/0 2:47 0:00 0:00
Oscar Klefbom 0 0 0 -3 0 0 0 2 0 0 0/0 11:58 0:00 0:00
Rhett Rakhshani 0 0 0 0 0 0 0 0 0 0 0/0 6:52 0:00 0:54
Rickard Rakell 0 1 1 -2 2 1 1 0 0 0 2/4 14:04 0:00 0:09
Roman Josi 0 0 0 -3 0 0 1 0 0 0 0/0 11:58 0:00 0:00
Spencer Machacek 0 0 0 -1 0 5 4 1 1 1 1/2 18:35 0:52 1:44
Teemu Pulkkinen 0 0 0 0 0 0 0 0 0 0 1/1 2:24 0:00 0:00
Tim Kennedy 0 1 1 -1 2 3 0 0 0 0 1/1 16:57 0:52 0:00
Tyler Kennedy 0 1 1 -1 0 2 2 0 1 2 2/3 24:08 1:23 3:10
Tyler Pitlick 1 0 1 -2 0 3 1 0 2 0 0/1 13:56 0:00 0:00
Players Stats for Sewer Rats
Player Name G A P +/- PIM S H SB GA TA FO MP PP MP PK MP
------------------------------------------------------------------------------------
Daniel Carr 1 0 1 1 0 3 0 0 1 0 0/0 6:46 0:00 0:10
Derek Dorsett 0 1 1 0 2 1 1 0 0 0 1/1 14:24 0:11 0:00
Jared Boll 0 2 2 1 0 3 0 1 0 0 1/1 18:18 2:32 0:29
Jarred Tinordi 0 0 0 0 0 1 1 2 0 0 0/0 10:53 0:00 0:16
Joel Edmundson 0 0 0 0 0 0 1 0 0 0 0/0 6:25 0:00 0:00
Jonathan Marchessault 1 0 1 1 0 1 2 0 0 0 4/13 17:49 2:32 0:00
Jonathan Racine 0 0 0 0 0 0 0 0 0 0 0/0 6:25 0:00 0:00
Kyle Quincey 0 1 1 2 0 2 0 1 0 0 0/0 18:52 2:27 0:36
Kyle Turris 0 1 1 2 0 2 3 0 0 0 14/28 19:50 3:14 0:29
Mark Mancari 1 0 1 2 0 9 3 0 2 0 2/3 20:46 3:14 1:25
Matt Lashoff 0 1 1 2 0 2 2 3 0 2 0/0 24:06 3:30 1:39
Mattias Ekholm 0 1 1 0 0 0 2 0 1 0 0/0 10:37 0:00 0:00
Nick Cousins 0 0 0 1 0 1 0 0 0 0 0/1 2:43 0:11 0:00
Patrick Bordeleau 1 0 1 0 0 3 1 0 1 1 0/1 14:19 0:00 0:34
Richard Jackman 0 1 1 2 2 1 2 1 1 2 0/0 23:49 3:30 1:23
Steven Kampfer 0 0 0 2 0 2 1 1 0 1 0/0 18:52 2:27 0:36
Ville Leino 1 0 1 2 0 6 0 2 1 1 1/2 24:51 3:14 1:23
Vincent Trocheck 0 0 0 0 0 0 0 0 0 0 1/5 13:59 0:11 0:00
Vojtech Polak 1 1 2 1 0 2 1 0 1 0 1/2 17:49 2:32 0:00
William Karlsson 0 1 1 1 0 1 1 1 0 0 0/0 6:10 0:00 0:00
3 Stars
1 - Mark Mancari (Tol)
2 - Vojtech Polak (Tol)
3 - Ville Leino (Tol)
Power Play
Saguenéens - 1 on 2 Attempt(s) - 50,00%
Sewer Rats - 0 on 3 Attempt(s) - 0,00%
Penalty Kill
Saguenéens - 3 on 3 Attempt(s) - 100,00%
- Score 0 goal in Penalty Kill
Sewer Rats - 1 on 2 Attempt(s) - 50,00%
- Score 0 goal in Penalty Kill
Team Stat
Saguenéens - Hits : 18 - Faceoff Wins : 32 - Blocked Shots : 9 - Penalty Minutes : 6
Sewer Rats - Hits : 21 - Faceoff Wins : 25 - Blocked Shots : 12 - Penalty Minutes : 4
Official
Referees : McCauley Wes and StLaurent Francois
Linesman : Darren Gibbs and Jonny Murray
Game Notes
No Game Note
Finance
Level 1 -- Attendance: 1351 (67,55%) -- Ticket Income 40 530 $
Level 2 -- Attendance: 788 (78,80%) -- Ticket Income 9 456 $
Total Attendance: 2139 (71,30%)
Total Ticket Income: 49 986 $
Other Income: 2 499 $
Total Income: 52 485 $
Saguenéens
5 vs 5 Forward
Center Left Wing Right Wing Time % Phy DF OF
1 Erik Haula Mason Raymond Tyler Kennedy 40 1 2 2
2 Juraj Mikus Tim Kennedy Spencer Machacek 30 1 2 2
3 Rickard Rakell Carl Hagelin Tyler Pitlick 20 1 2 2
4 Tyler Kennedy Craig Cunningham Rhett Rakhshani 10 1 2 2
5 vs 5 Defense
Defense Defense Time % Phy DF OF
1 Brett Lebda Kevin Marshall 40 1 2 2
2 Dalton Prout Luke Witkowski 30 1 2 2
3 Roman Josi Oscar Klefbom 20 1 2 2
4 Nick Mattson Brett Lebda 10 1 2 2
PowerPlay Forward
Center Left Wing Right Wing Time % Phy DF OF
1 Erik Haula Mason Raymond Tyler Kennedy 60 1 2 2
2 Juraj Mikus Tim Kennedy Spencer Machacek 40 1 2 2
PowerPlay Defense
Defense Defense Time % Phy DF OF
1 Brett Lebda Kevin Marshall 60 1 2 2
2 Dalton Prout Luke Witkowski 40 1 2 2
Penalty Kill 4 Players Forward
Center Wing Time % Phy DF OF
1 Tyler Kennedy Mason Raymond 60 1 2 2
2 Spencer Machacek Erik Haula 40 1 2 2
Penalty Kill 4 Players Defense
Defense Defense Time % Phy DF OF
1 Brett Lebda Kevin Marshall 60 1 2 2
2 Dalton Prout Luke Witkowski 40 1 2 2
Penalty Kill - 3 Players Forward
Forward Time % Phy DF OF
1 Tyler Kennedy 60 1 2 2
2 Mason Raymond 40 1 2 2
Penalty Kill - 3 Players Defense
Defense Defense Time % Phy DF OF
1 Brett Lebda Kevin Marshall 60 1 2 2
2 Dalton Prout Luke Witkowski 40 1 2 2
4 vs 4 Forward
Center Wing Time % Phy DF OF
1 Tyler Kennedy Mason Raymond 60 1 2 2
2 Spencer Machacek Erik Haula 40 1 2 2
4 vs 4 Defense
Defense Defense Time % Phy DF OF
1 Brett Lebda Kevin Marshall 60 1 2 2
2 Dalton Prout Luke Witkowski 40 1 2 2
Last Minutes Offensive
Center Left Wing Right Wing Defense Defense
Erik Haula Mason Raymond Tyler Kennedy Brett Lebda Kevin Marshall
Last Minutes Defensive
Center Left Wing Right Wing Defense Defense
Erik Haula Mason Raymond Tyler Kennedy Brett Lebda Kevin Marshall
Goaltenders
Starting : Mike Smith
Backup : Martin Jones
Extra Forwards
Normal : Teemu Pulkkinen, Tyler Pitlick, Rhett Rakhshani - PP : Teemu Pulkkinen, Tyler Pitlick - PK : Rhett Rakhshani
Extra Defensemen
Normal : Roman Josi, Oscar Klefbom, Nick Mattson - PP : Roman Josi - PK : Oscar Klefbom, Nick Mattson
Penalty Shots
Tyler Kennedy, Mason Raymond, Spencer Machacek, Erik Haula, Tyler Pitlick
Sewer Rats
5 vs 5 Forward
Center Left Wing Right Wing Time % Phy DF OF
1 Kyle Turris Ville Leino Mark Mancari 40 1 2 2
2 Jonathan Marchessault Vojtech Polak Jared Boll 30 1 2 2
3 Vincent Trocheck Patrick Bordeleau Derek Dorsett 20 1 2 2
4 William Karlsson Daniel Carr Ville Leino 10 1 2 2
5 vs 5 Defense
Defense Defense Time % Phy DF OF
1 Richard Jackman Matt Lashoff 40 1 2 2
2 Steven Kampfer Kyle Quincey 30 1 2 2
3 Mattias Ekholm Jarred Tinordi 20 1 2 2
4 Joel Edmundson Jonathan Racine 10 1 2 2
PowerPlay Forward
Center Left Wing Right Wing Time % Phy DF OF
1 Kyle Turris Ville Leino Mark Mancari 60 1 2 2
2 Jonathan Marchessault Vojtech Polak Jared Boll 40 1 2 2
PowerPlay Defense
Defense Defense Time % Phy DF OF
1 Richard Jackman Matt Lashoff 60 1 2 2
2 Steven Kampfer Kyle Quincey 40 1 2 2
Penalty Kill 4 Players Forward
Center Wing Time % Phy DF OF
1 Ville Leino Mark Mancari 60 1 2 2
2 Kyle Turris Jared Boll 40 1 2 2
Penalty Kill 4 Players Defense
Defense Defense Time % Phy DF OF
1 Richard Jackman Matt Lashoff 60 1 2 2
2 Steven Kampfer Kyle Quincey 40 1 2 2
Penalty Kill - 3 Players Forward
Forward Time % Phy DF OF
1 Ville Leino 60 1 2 2
2 Mark Mancari 40 1 2 2
Penalty Kill - 3 Players Defense
Defense Defense Time % Phy DF OF
1 Richard Jackman Matt Lashoff 60 1 2 2
2 Steven Kampfer Kyle Quincey 40 1 2 2
4 vs 4 Forward
Center Wing Time % Phy DF OF
1 Ville Leino Mark Mancari 60 1 2 2
2 Kyle Turris Jared Boll 40 1 2 2
4 vs 4 Defense
Defense Defense Time % Phy DF OF
1 Richard Jackman Matt Lashoff 60 1 2 2
2 Steven Kampfer Kyle Quincey 40 1 2 2
Last Minutes Offensive
Center Left Wing Right Wing Defense Defense
Kyle Turris Ville Leino Mark Mancari Richard Jackman Matt Lashoff
Last Minutes Defensive
Center Left Wing Right Wing Defense Defense
Kyle Turris Ville Leino Mark Mancari Richard Jackman Matt Lashoff
Goaltenders
Starting : Richard Bachman
Backup : Brad Thiessen
Extra Forwards
Normal : Nick Cousins, Derek Dorsett, Patrick Bordeleau - PP : Nick Cousins, Derek Dorsett - PK : Patrick Bordeleau
Extra Defensemen
Normal : Mattias Ekholm, Jarred Tinordi, Joel Edmundson - PP : Mattias Ekholm - PK : Jarred Tinordi, Joel Edmundson
Penalty Shots
Ville Leino, Mark Mancari, Kyle Turris, Jared Boll, Vojtech Polak
% Time on Ice - Saguenéens
Lines # - Real PCT - Wanted PCT - Time Play
Normal Forward
1 - 31% - 40% - 15:58
2 - 32% - 30% - 16:21
3 - 27% - 20% - 13:56
4 - 11% - 10% - 5:33
Normal Defense
1 - 39% - 40% - 20:17
2 - 32% - 30% - 16:46
3 - 23% - 20% - 11:58
4 - 5% - 10% - 2:47
PP Forward
1 - 61% - 60% - 1:23
2 - 39% - 40% - 0:52
PP Defense
1 - 65% - 60% - 1:28
2 - 35% - 40% - 0:47
PK Forward
1 - 71% - 60% - 4:13
2 - 29% - 40% - 1:44
PK Defense
1 - 56% - 60% - 3:21
2 - 44% - 40% - 2:36
PK3 Forward
1 - 0% - 60%
2 - 0% - 40%
PK3 Defense
1 - 0% - 60%
2 - 0% - 40%
44 Forward
1 - 0% - 60%
2 - 0% - 40%
44 Defense
1 - 0% - 60%
2 - 0% - 40%
Last Minute Offensive - 0:00
Last Minute Defensive - 0:00
Total
Forward - 60:00
Defense - 60:00
|
% Time on Ice - Sewer Rats
Lines # - Real PCT - Wanted PCT - Time Play
Normal Forward
1 - 33% - 40% - 17:02
2 - 30% - 30% - 15:17
3 - 26% - 20% - 13:19
4 - 12% - 10% - 6:10
Normal Defense
1 - 37% - 40% - 18:57
2 - 31% - 30% - 15:49
3 - 20% - 20% - 10:37
4 - 12% - 10% - 6:25
PP Forward
1 - 57% - 60% - 3:25
2 - 43% - 40% - 2:32
PP Defense
1 - 59% - 60% - 3:30
2 - 41% - 40% - 2:27
PK Forward
1 - 79% - 60% - 1:46
2 - 21% - 40% - 0:29
PK Defense
1 - 73% - 60% - 1:39
2 - 27% - 40% - 0:36
PK3 Forward
1 - 0% - 60%
2 - 0% - 40%
PK3 Defense
1 - 0% - 60%
2 - 0% - 40%
44 Forward
1 - 0% - 60%
2 - 0% - 40%
44 Defense
1 - 0% - 60%
2 - 0% - 40%
Last Minute Offensive - 0:00
Last Minute Defensive - 0:00
Total
Forward - 60:00
Defense - 60:00
|
Play by Play
1st period
0:01 of 1st period - Mark Mancari wins face-off versus Erik Haula in neutral zone.
0:26 of 1st period - Brett Lebda is hit by Jonathan Marchessault and loses puck.
0:33 of 1st period - Richard Jackman is hit by Spencer Machacek and loses puck.
1:06 of 1st period - Snap shot by Rhett Rakhshani.
1:06 of 1st period - Shot Misses the Net.
1:40 of 1st period - Kyle Turris is hit by Tyler Kennedy and loses puck.
1:54 of 1st period - Off-side.
1:55 of 1st period - Juraj Mikus wins face-off versus Jonathan Marchessault in neutral zone.
1:58 of 1st period - Slapshot by Brett Lebda.
1:58 of 1st period - Stopped by Richard Bachman with a rebound.
2:08 of 1st period - Wrist shot by Spencer Machacek.
2:08 of 1st period - Stopped by Richard Bachman without a rebound.
2:09 of 1st period - Rickard Rakell wins face-off versus Vincent Trocheck in Sewer Rats zone.
3:06 of 1st period - Snap shot by Mark Mancari.
3:06 of 1st period - Goal by Mark Mancari - Saguenéens : 0 - Sewer Rats : 1.
3:07 of 1st period - Kyle Turris wins face-off versus Erik Haula in neutral zone.
3:37 of 1st period - Off-side.
3:38 of 1st period - Jonathan Marchessault wins face-off versus Tyler Pitlick in neutral zone.
3:48 of 1st period - Snap shot by Jared Boll.
3:48 of 1st period - Deflect By Vojtech Polak.
3:48 of 1st period - Goal by Vojtech Polak - Saguenéens : 0 - Sewer Rats : 2.
3:49 of 1st period - Kyle Turris wins face-off versus Erik Haula in neutral zone.
3:51 of 1st period - Off-side.
3:52 of 1st period - Erik Haula wins face-off versus Kyle Turris in neutral zone.
4:37 of 1st period - Snap shot by Carl Hagelin.
4:37 of 1st period - Shot Misses the Net.
4:43 of 1st period - Slapshot by Tyler Pitlick.
4:43 of 1st period - Stopped by Richard Bachman with a rebound.
4:57 of 1st period - Luke Witkowski is hit by William Karlsson and loses puck.
5:32 of 1st period - Snap shot by Mark Mancari.
5:32 of 1st period - Stopped by Mike Smith with a rebound.
5:34 of 1st period - Snap shot by Kyle Turris.
5:34 of 1st period - Stopped by Mike Smith with a rebound.
5:36 of 1st period - Slapshot by Jarred Tinordi.
5:36 of 1st period - Stopped by Mike Smith without a rebound.
5:37 of 1st period - Juraj Mikus wins face-off versus Vincent Trocheck in Saguenéens zone.
6:03 of 1st period - Jared Boll is hit by Rickard Rakell and loses puck.
6:22 of 1st period - Slapshot by Mark Mancari.
6:22 of 1st period - Stopped by Mike Smith without a rebound.
6:23 of 1st period - Kyle Turris wins face-off versus Erik Haula in Saguenéens zone.
6:38 of 1st period - Wrist shot by Ville Leino.
6:38 of 1st period - Shot Misses the Net.
6:51 of 1st period - Off-side.
6:52 of 1st period - Vojtech Polak wins face-off versus Juraj Mikus in neutral zone.
7:05 of 1st period - Snap shot by Jared Boll.
7:05 of 1st period - Shot Misses the Net.
7:07 of 1st period - Slapshot by Kyle Quincey.
7:07 of 1st period - Stopped by Mike Smith without a rebound.
7:08 of 1st period - Kyle Turris wins face-off versus Mason Raymond in Saguenéens zone.
7:15 of 1st period - Slapshot by Ville Leino.
7:15 of 1st period - Deflect By Mark Mancari.
7:15 of 1st period - Shot Misses the Net.
7:15 of 1st period - Puck is out of play.
7:16 of 1st period - Erik Haula wins face-off versus Kyle Turris in Saguenéens zone.
7:29 of 1st period - Slapshot by Mason Raymond.
7:29 of 1st period - Shot Misses the Net.
7:31 of 1st period - Snap shot by Nick Mattson.
7:31 of 1st period - Shot Misses the Net.
9:06 of 1st period - Jonathan Marchessault is hit by Brett Lebda and loses puck.
9:23 of 1st period - Ville Leino is hit by Roman Josi and loses puck.
10:26 of 1st period - Snap shot by Ville Leino.
10:26 of 1st period - Shot Blocked by Oscar Klefbom.
12:12 of 1st period - Vincent Trocheck is hit by Spencer Machacek and loses puck.
12:17 of 1st period - Wrist shot by Spencer Machacek.
12:17 of 1st period - Stopped by Richard Bachman without a rebound.
12:18 of 1st period - Jonathan Marchessault wins face-off versus Juraj Mikus in Sewer Rats zone.
12:41 of 1st period - Off-side.
12:42 of 1st period - Rickard Rakell wins face-off versus Kyle Turris in neutral zone.
12:47 of 1st period - Snap shot by Carl Hagelin.
12:47 of 1st period - Stopped by Richard Bachman without a rebound.
12:48 of 1st period - Kyle Turris wins face-off versus Erik Haula in Sewer Rats zone.
13:39 of 1st period - Slapshot by Carl Hagelin.
13:39 of 1st period - Shot Misses the Net.
14:23 of 1st period - Snap shot by Juraj Mikus.
14:23 of 1st period - Shot Blocked by Richard Jackman.
14:25 of 1st period - Snap shot by Juraj Mikus.
14:25 of 1st period - Shot Misses the Net.
14:27 of 1st period - Snap shot by Tim Kennedy.
14:27 of 1st period - Stopped by Richard Bachman without a rebound.
14:28 of 1st period - Juraj Mikus wins face-off versus Kyle Turris in Sewer Rats zone.
14:35 of 1st period - Slapshot by Spencer Machacek.
14:35 of 1st period - Stopped by Richard Bachman with a rebound.
15:37 of 1st period - Backhand shot by Ville Leino.
15:37 of 1st period - Stopped by Mike Smith with a rebound.
15:53 of 1st period - Snap shot by Rickard Rakell.
15:53 of 1st period - Stopped by Richard Bachman with a rebound.
16:01 of 1st period - Luke Witkowski is hit by Richard Jackman and loses puck.
16:22 of 1st period - Snap shot by Carl Hagelin.
16:22 of 1st period - Shot Blocked by Matt Lashoff.
16:24 of 1st period - Wrist shot by Tyler Pitlick.
16:24 of 1st period - Goal by Tyler Pitlick - Saguenéens : 1 - Sewer Rats : 2.
16:25 of 1st period - Erik Haula wins face-off versus Jonathan Marchessault in neutral zone.
16:41 of 1st period - Wrist shot by Mason Raymond.
16:41 of 1st period - Shot Misses the Net.
16:53 of 1st period - Wrist shot by Tim Kennedy.
16:53 of 1st period - Stopped by Richard Bachman with a rebound.
17:08 of 1st period - Minor Penalty to Tim Kennedy for High sticking.
17:09 of 1st period - Kyle Turris wins face-off versus Tyler Kennedy in Saguenéens zone.
18:06 of 1st period - Wrist shot by Erik Haula.
18:06 of 1st period - Shot Misses the Net.
19:08 of 1st period - Penalty to Tim Kennedy is over, Tim Kennedy is back on ice.
19:20 of 1st period - Wrist shot by Carl Hagelin.
19:20 of 1st period - Shot Misses the Net.
19:26 of 1st period - Rickard Rakell is hit by Steven Kampfer and loses puck.
19:37 of 1st period - Spencer Machacek is hit by Jarred Tinordi and loses puck.
Goals for this period are 1 for Saguenéens vs 2 for Sewer Rats.
Shots for this period are 10 for Saguenéens vs 8 for Sewer Rats.
2nd period
0:01 of 2nd period - Erik Haula wins face-off versus Kyle Turris in neutral zone.
0:08 of 2nd period - Snap shot by Mason Raymond.
0:08 of 2nd period - Stopped by Richard Bachman without a rebound.
0:09 of 2nd period - Kyle Turris wins face-off versus Erik Haula in Sewer Rats zone.
0:09 of 2nd period - Kyle Turris is hit by Mason Raymond.
0:27 of 2nd period - Snap shot by Mark Mancari.
0:27 of 2nd period - Deflect By Ville Leino.
0:27 of 2nd period - Stopped by Mike Smith with a rebound.
0:39 of 2nd period - Wrist shot by Mark Mancari.
0:39 of 2nd period - Shot Misses the Net.
0:41 of 2nd period - Wrist shot by Mark Mancari.
0:41 of 2nd period - Stopped by Mike Smith without a rebound.
0:42 of 2nd period - Juraj Mikus wins face-off versus Jonathan Marchessault in Saguenéens zone.
0:51 of 2nd period - Vojtech Polak is hit by Dalton Prout and loses puck.
1:17 of 2nd period - Wrist shot by Tyler Pitlick.
1:17 of 2nd period - Stopped by Richard Bachman without a rebound.
1:18 of 2nd period - Erik Haula wins face-off versus Kyle Turris in Sewer Rats zone.
1:42 of 2nd period - Brett Lebda is hit by Kyle Turris.
2:10 of 2nd period - Snap shot by Mason Raymond.
2:10 of 2nd period - Shot Blocked by Ville Leino.
2:16 of 2nd period - Slapshot by Matt Lashoff.
2:16 of 2nd period - Shot Blocked by Mason Raymond.
2:20 of 2nd period - Snap shot by Mark Mancari.
2:20 of 2nd period - Shot Blocked by Brett Lebda.
2:34 of 2nd period - Wrist shot by Mark Mancari.
2:34 of 2nd period - Stopped by Mike Smith with a rebound.
2:36 of 2nd period - Slapshot by Matt Lashoff.
2:36 of 2nd period - Stopped by Mike Smith without a rebound.
2:37 of 2nd period - Juraj Mikus wins face-off versus Vojtech Polak in Saguenéens zone.
2:46 of 2nd period - Wrist shot by Vojtech Polak.
2:46 of 2nd period - Shot Blocked by Dalton Prout.
2:48 of 2nd period - Slapshot by Kyle Quincey.
2:48 of 2nd period - Stopped by Mike Smith with a rebound.
2:50 of 2nd period - Wrist shot by Jared Boll.
2:50 of 2nd period - Stopped by Mike Smith with a rebound.
2:52 of 2nd period - Slapshot by Steven Kampfer.
2:52 of 2nd period - Stopped by Mike Smith with a rebound.
3:24 of 2nd period - Jared Boll is hit by Dalton Prout.
4:18 of 2nd period - Tyler Pitlick is hit by Mattias Ekholm.
4:32 of 2nd period - Ville Leino is hit by Spencer Machacek.
4:36 of 2nd period - Brett Lebda is hit by Mattias Ekholm and loses puck.
6:52 of 2nd period - Wrist shot by Daniel Carr.
6:52 of 2nd period - Stopped by Mike Smith with a rebound.
6:54 of 2nd period - Wrist shot by Daniel Carr.
6:54 of 2nd period - Stopped by Mike Smith with a rebound.
6:56 of 2nd period - Slapshot by Richard Jackman.
6:56 of 2nd period - Stopped by Mike Smith with a rebound.
6:58 of 2nd period - Slapshot by Matt Lashoff.
6:58 of 2nd period - Deflect By William Karlsson.
6:58 of 2nd period - Stopped by Mike Smith with a rebound.
7:02 of 2nd period - Wrist shot by Daniel Carr.
7:02 of 2nd period - Goal by Daniel Carr - Saguenéens : 1 - Sewer Rats : 3.
7:03 of 2nd period - Kyle Turris wins face-off versus Juraj Mikus in neutral zone.
7:14 of 2nd period - Snap shot by Juraj Mikus.
7:14 of 2nd period - Stopped by Richard Bachman with a rebound.
7:16 of 2nd period - Slapshot by Kevin Marshall.
7:16 of 2nd period - Stopped by Richard Bachman with a rebound.
7:18 of 2nd period - Wrist shot by Brett Lebda.
7:18 of 2nd period - Stopped by Richard Bachman with a rebound.
7:28 of 2nd period - Mark Mancari is hit by Tyler Kennedy and loses puck.
7:35 of 2nd period - Wrist shot by Mason Raymond.
7:35 of 2nd period - Deflect By Erik Haula.
7:35 of 2nd period - Stopped by Richard Bachman without a rebound.
7:36 of 2nd period - Erik Haula wins face-off versus Jonathan Marchessault in Sewer Rats zone.
8:27 of 2nd period - Backhand shot by Luke Witkowski.
8:27 of 2nd period - Shot Blocked by Matt Lashoff.
8:58 of 2nd period - Off-side.
8:59 of 2nd period - Erik Haula wins face-off versus Vincent Trocheck in neutral zone.
9:04 of 2nd period - Slapshot by Derek Dorsett.
9:04 of 2nd period - Stopped by Mike Smith with a rebound.
9:06 of 2nd period - Slapshot by Patrick Bordeleau.
9:06 of 2nd period - Stopped by Mike Smith with a rebound.
9:08 of 2nd period - Slapshot by Patrick Bordeleau.
9:08 of 2nd period - Deflect By Kevin Marshall.
9:08 of 2nd period - Stopped by Mike Smith without a rebound.
9:09 of 2nd period - Juraj Mikus wins face-off versus Kyle Turris in Saguenéens zone.
9:16 of 2nd period - Wrist shot by Juraj Mikus.
9:16 of 2nd period - Deflect By Spencer Machacek.
9:16 of 2nd period - Stopped by Richard Bachman without a rebound.
9:17 of 2nd period - Tim Kennedy wins face-off versus Kyle Turris in Sewer Rats zone.
9:20 of 2nd period - Snap shot by Spencer Machacek.
9:20 of 2nd period - Shot Misses the Net.
9:22 of 2nd period - Minor Penalty to Richard Jackman for Cross-checking.
9:23 of 2nd period - Mason Raymond wins face-off versus Ville Leino in Sewer Rats zone.
9:36 of 2nd period - Snap shot by Erik Haula.
9:36 of 2nd period - Shot Misses the Net.
9:38 of 2nd period - Wrist shot by Erik Haula.
9:38 of 2nd period - Goal by Erik Haula - Saguenéens : 2 - Sewer Rats : 3.
9:39 of 2nd period - Kyle Turris wins face-off versus Erik Haula in neutral zone.
9:53 of 2nd period - Slapshot by Kyle Turris.
9:53 of 2nd period - Stopped by Mike Smith with a rebound.
10:02 of 2nd period - Icing by Kevin Marshall.
10:03 of 2nd period - Juraj Mikus wins face-off versus Jonathan Marchessault in Saguenéens zone.
10:12 of 2nd period - Snap shot by Spencer Machacek.
10:12 of 2nd period - Stopped by Richard Bachman with a rebound.
10:30 of 2nd period - Oscar Klefbom is hit by Kyle Turris and loses puck.
11:01 of 2nd period - Wrist shot by Patrick Bordeleau.
11:01 of 2nd period - Shot Misses the Net.
11:07 of 2nd period - Minor Penalty to Rickard Rakell for Hooking.
11:08 of 2nd period - Tyler Kennedy wins face-off versus Kyle Turris in Saguenéens zone.
13:01 of 2nd period - Wrist shot by Nick Cousins.
13:01 of 2nd period - Stopped by Mike Smith with a rebound.
13:03 of 2nd period - Wrist shot by Vincent Trocheck.
13:03 of 2nd period - Deflect By Derek Dorsett.
13:03 of 2nd period - Shot Misses the Net.
13:03 of 2nd period - Puck is out of play.
13:04 of 2nd period - Spencer Machacek wins face-off versus Nick Cousins in Saguenéens zone.
13:07 of 2nd period - Penalty to Rickard Rakell is over, Rickard Rakell is back on ice.
13:12 of 2nd period - Icing by Vincent Trocheck.
13:13 of 2nd period - Derek Dorsett wins face-off versus Juraj Mikus in Sewer Rats zone.
13:13 of 2nd period - Derek Dorsett is hit by Juraj Mikus.
13:21 of 2nd period - Luke Witkowski is hit by Matt Lashoff.
13:47 of 2nd period - Snap shot by Mark Mancari.
13:47 of 2nd period - Stopped by Mike Smith with a rebound.
13:49 of 2nd period - Snap shot by Ville Leino.
13:49 of 2nd period - Stopped by Mike Smith with a rebound.
13:51 of 2nd period - Slapshot by Mark Mancari.
13:51 of 2nd period - Stopped by Mike Smith without a rebound.
13:52 of 2nd period - Jonathan Marchessault wins face-off versus Erik Haula in Saguenéens zone.
14:30 of 2nd period - Slapshot by Tyler Kennedy.
14:30 of 2nd period - Shot Misses the Net.
14:45 of 2nd period - Icing by Spencer Machacek.
14:46 of 2nd period - Juraj Mikus wins face-off versus Kyle Turris in Saguenéens zone.
14:46 of 2nd period - Juraj Mikus is hit by Kyle Turris.
14:54 of 2nd period - Snap shot by Brett Lebda.
14:54 of 2nd period - Shot Misses the Net.
15:00 of 2nd period - Snap shot by Juraj Mikus.
15:00 of 2nd period - Shot Misses the Net.
15:02 of 2nd period - Snap shot by Juraj Mikus.
15:02 of 2nd period - Stopped by Richard Bachman with a rebound.
15:20 of 2nd period - Slapshot by Rickard Rakell.
15:20 of 2nd period - Shot Blocked by Jarred Tinordi.
15:49 of 2nd period - Snap shot by Ville Leino.
15:49 of 2nd period - Stopped by Mike Smith with a rebound.
16:51 of 2nd period - Spencer Machacek is hit by Vojtech Polak and loses puck.
17:55 of 2nd period - Luke Witkowski is hit by Joel Edmundson and loses puck.
18:30 of 2nd period - Snap shot by Rhett Rakhshani.
18:30 of 2nd period - Shot Blocked by Jared Boll.
19:09 of 2nd period - Slapshot by Brett Lebda.
19:09 of 2nd period - Shot Blocked by Steven Kampfer.
19:15 of 2nd period - Tyler Pitlick is hit by Mark Mancari and loses puck.
19:40 of 2nd period - Off-side.
19:41 of 2nd period - Jared Boll wins face-off versus Juraj Mikus in neutral zone.
19:46 of 2nd period - Backhand shot by Vojtech Polak.
19:46 of 2nd period - Shot Blocked by Spencer Machacek.
19:48 of 2nd period - Wrist shot by Jared Boll.
19:48 of 2nd period - Shot Blocked by Luke Witkowski.
19:50 of 2nd period - Snap shot by Jonathan Marchessault.
19:50 of 2nd period - Shot Misses the Net.
19:52 of 2nd period - Slapshot by Kyle Quincey.
19:52 of 2nd period - Shot Misses the Net.
Goals for this period are 1 for Saguenéens vs 1 for Sewer Rats.
Shots for this period are 10 for Saguenéens vs 21 for Sewer Rats.
3rd period
0:01 of 3rd period - Erik Haula wins face-off versus Kyle Turris in neutral zone.
0:28 of 3rd period - Slapshot by Spencer Machacek.
0:28 of 3rd period - Shot Blocked by Matt Lashoff.
0:30 of 3rd period - Slapshot by Dalton Prout.
0:30 of 3rd period - Deflect By Tim Kennedy.
0:30 of 3rd period - Stopped by Richard Bachman with a rebound.
0:32 of 3rd period - Snap shot by Juraj Mikus.
0:32 of 3rd period - Goal by Juraj Mikus - Saguenéens : 3 - Sewer Rats : 3.
0:33 of 3rd period - Kyle Turris wins face-off versus Erik Haula in neutral zone.
0:36 of 3rd period - Brett Lebda is hit by Mark Mancari and loses puck.
0:49 of 3rd period - Wrist shot by Mason Raymond.
0:49 of 3rd period - Shot Hit the Post.
1:57 of 3rd period - Off-side.
1:58 of 3rd period - Juraj Mikus wins face-off versus Jonathan Marchessault in neutral zone.
2:24 of 3rd period - Mark Mancari is hit by Mason Raymond and loses puck.
3:02 of 3rd period - Minor Penalty to Derek Dorsett for Hooking.
3:03 of 3rd period - Ville Leino wins face-off versus Erik Haula in Sewer Rats zone.
4:10 of 3rd period - Snap shot by Jared Boll.
4:10 of 3rd period - Stopped by Mike Smith with a rebound.
4:12 of 3rd period - Slapshot by Matt Lashoff.
4:12 of 3rd period - Stopped by Mike Smith without a rebound.
4:13 of 3rd period - Kyle Turris wins face-off versus Erik Haula in Saguenéens zone.
4:14 of 3rd period - Snap shot by Jared Boll.
4:14 of 3rd period - Stopped by Mike Smith with a rebound.
4:58 of 3rd period - Mason Raymond is hit by Richard Jackman and loses puck.
5:02 of 3rd period - Penalty to Derek Dorsett is over, Derek Dorsett is back on ice.
5:43 of 3rd period - Icing by Richard Jackman.
5:44 of 3rd period - Juraj Mikus wins face-off versus Jonathan Marchessault in Sewer Rats zone.
5:59 of 3rd period - Wrist shot by Jared Boll.
5:59 of 3rd period - Shot Misses the Net.
6:01 of 3rd period - Slapshot by Vojtech Polak.
6:01 of 3rd period - Deflect By Jonathan Marchessault.
6:01 of 3rd period - Goal by Jonathan Marchessault - Saguenéens : 3 - Sewer Rats : 4.
6:02 of 3rd period - Kyle Turris wins face-off versus Erik Haula in neutral zone.
6:27 of 3rd period - Vojtech Polak is hit by Juraj Mikus and loses puck.
6:55 of 3rd period - Wrist shot by Tyler Pitlick.
6:55 of 3rd period - Shot Misses the Net.
7:09 of 3rd period - Snap shot by Derek Dorsett.
7:09 of 3rd period - Shot Misses the Net.
7:11 of 3rd period - Snap shot by Ville Leino.
7:11 of 3rd period - Stopped by Mike Smith without a rebound.
7:12 of 3rd period - Erik Haula wins face-off versus Kyle Turris in Saguenéens zone.
7:12 of 3rd period - Erik Haula is hit by Mark Mancari.
7:36 of 3rd period - Icing by Kyle Quincey.
7:37 of 3rd period - Kyle Turris wins face-off versus Juraj Mikus in Sewer Rats zone.
8:05 of 3rd period - Wrist shot by Ville Leino.
8:05 of 3rd period - Goal by Ville Leino - Saguenéens : 3 - Sewer Rats : 5.
8:06 of 3rd period - Erik Haula wins face-off versus Jonathan Marchessault in neutral zone.
8:22 of 3rd period - Snap shot by Vojtech Polak.
8:22 of 3rd period - Shot Blocked by Mason Raymond.
8:32 of 3rd period - Mark Mancari is hit by Spencer Machacek and loses puck.
8:57 of 3rd period - Backhand shot by Derek Dorsett.
8:57 of 3rd period - Shot Misses the Net.
9:07 of 3rd period - Jarred Tinordi is hit by Carl Hagelin and loses puck.
9:26 of 3rd period - Snap shot by Craig Cunningham.
9:26 of 3rd period - Stopped by Richard Bachman with a rebound.
9:40 of 3rd period - Wrist shot by Kyle Turris.
9:40 of 3rd period - Shot Misses the Net.
9:52 of 3rd period - Minor Penalty to Juraj Mikus for Delaying the game.
9:53 of 3rd period - Tyler Kennedy wins face-off versus Kyle Turris in Saguenéens zone.
10:30 of 3rd period - Wrist shot by Jared Boll.
10:30 of 3rd period - Shot Misses the Net.
10:57 of 3rd period - Icing by Kyle Quincey.
10:58 of 3rd period - Kyle Turris wins face-off versus Spencer Machacek in Sewer Rats zone.
11:52 of 3rd period - Penalty to Juraj Mikus is over, Juraj Mikus is back on ice.
12:02 of 3rd period - Wrist shot by Rickard Rakell.
12:02 of 3rd period - Shot Misses the Net.
12:04 of 3rd period - Slapshot by Luke Witkowski.
12:04 of 3rd period - Stopped by Richard Bachman without a rebound.
12:05 of 3rd period - Carl Hagelin wins face-off versus Patrick Bordeleau in Sewer Rats zone.
12:06 of 3rd period - Snap shot by Brett Lebda.
12:06 of 3rd period - Stopped by Richard Bachman with a rebound.
12:08 of 3rd period - Wrist shot by Rickard Rakell.
12:08 of 3rd period - Shot Blocked by Jarred Tinordi.
12:10 of 3rd period - Slapshot by Brett Lebda.
12:10 of 3rd period - Stopped by Richard Bachman without a rebound.
12:11 of 3rd period - Erik Haula wins face-off versus Vincent Trocheck in Sewer Rats zone.
12:12 of 3rd period - Wrist shot by Tyler Kennedy.
12:12 of 3rd period - Stopped by Richard Bachman with a rebound.
12:14 of 3rd period - Snap shot by Mason Raymond.
12:14 of 3rd period - Shot Misses the Net.
12:16 of 3rd period - Slapshot by Kevin Marshall.
12:16 of 3rd period - Shot Misses the Net.
12:18 of 3rd period - Slapshot by Erik Haula.
12:18 of 3rd period - Stopped by Richard Bachman without a rebound.
12:19 of 3rd period - Mark Mancari wins face-off versus Erik Haula in Sewer Rats zone.
12:29 of 3rd period - Wrist shot by Mark Mancari.
12:29 of 3rd period - Shot Misses the Net.
12:31 of 3rd period - Wrist shot by Mark Mancari.
12:31 of 3rd period - Stopped by Mike Smith with a rebound.
12:33 of 3rd period - Slapshot by Mark Mancari.
12:33 of 3rd period - Stopped by Mike Smith with a rebound.
12:35 of 3rd period - Slapshot by Mark Mancari.
12:35 of 3rd period - Shot Blocked by Kevin Marshall.
12:45 of 3rd period - Erik Haula is hit by Matt Lashoff and loses puck.
13:09 of 3rd period - Snap shot by Vojtech Polak.
13:09 of 3rd period - Stopped by Mike Smith with a rebound.
13:31 of 3rd period - Snap shot by Tim Kennedy.
13:31 of 3rd period - Shot Blocked by Ville Leino.
13:33 of 3rd period - Snap shot by Juraj Mikus.
13:33 of 3rd period - Shot Misses the Net.
13:35 of 3rd period - Wrist shot by Juraj Mikus.
13:35 of 3rd period - Shot Blocked by Kyle Quincey.
13:37 of 3rd period - Snap shot by Kevin Marshall.
13:37 of 3rd period - Shot Blocked by William Karlsson.
13:39 of 3rd period - Snap shot by Kevin Marshall.
13:39 of 3rd period - Deflect By Spencer Machacek.
13:39 of 3rd period - Shot Misses the Net.
13:39 of 3rd period - Puck is out of play.
13:40 of 3rd period - Jonathan Marchessault wins face-off versus Rickard Rakell in Sewer Rats zone.
13:47 of 3rd period - Tyler Pitlick is hit by Jonathan Marchessault and loses puck.
14:06 of 3rd period - Tyler Pitlick is hit by Patrick Bordeleau and loses puck.
14:17 of 3rd period - Wrist shot by Vincent Trocheck.
14:17 of 3rd period - Shot Misses the Net.
14:37 of 3rd period - Snap shot by Steven Kampfer.
14:37 of 3rd period - Shot Misses the Net.
16:01 of 3rd period - Patrick Bordeleau is hit by Mason Raymond and loses puck.
16:17 of 3rd period - Icing by Rhett Rakhshani.
16:18 of 3rd period - Teemu Pulkkinen wins face-off versus Jonathan Marchessault in Saguenéens zone.
16:23 of 3rd period - Slapshot by Brett Lebda.
16:23 of 3rd period - Stopped by Richard Bachman with a rebound.
16:25 of 3rd period - Wrist shot by Erik Haula.
16:25 of 3rd period - Shot Hit the Post.
16:27 of 3rd period - Slapshot by Brett Lebda.
16:27 of 3rd period - Stopped by Richard Bachman without a rebound.
16:28 of 3rd period - Erik Haula wins face-off versus Mark Mancari in Sewer Rats zone.
16:31 of 3rd period - Snap shot by Erik Haula.
16:31 of 3rd period - Deflect By Tyler Kennedy.
16:31 of 3rd period - Stopped by Richard Bachman with a rebound.
17:10 of 3rd period - Slapshot by Kyle Quincey.
17:10 of 3rd period - Shot Blocked by Oscar Klefbom.
17:12 of 3rd period - Slapshot by Steven Kampfer.
17:12 of 3rd period - Stopped by Mike Smith with a rebound.
17:22 of 3rd period - Wrist shot by Patrick Bordeleau.
17:22 of 3rd period - Goal by Patrick Bordeleau - Saguenéens : 3 - Sewer Rats : 6.
17:23 of 3rd period - Erik Haula wins face-off versus Kyle Turris in neutral zone.
17:55 of 3rd period - Snap shot by Juraj Mikus.
17:55 of 3rd period - Shot Misses the Net.
18:20 of 3rd period - Rickard Rakell is hit by Derek Dorsett and loses puck.
19:22 of 3rd period - Snap shot by Erik Haula.
19:22 of 3rd period - Stopped by Richard Bachman without a rebound.
19:23 of 3rd period - Vincent Trocheck wins face-off versus Rickard Rakell in Sewer Rats zone.
19:36 of 3rd period - Patrick Bordeleau is hit by Tyler Pitlick and loses puck.
19:59 of 3rd period - Snap shot by Tyler Kennedy.
19:59 of 3rd period - Shot Misses the Net.
Goals for this period are 1 for Saguenéens vs 3 for Sewer Rats.
Shots for this period are 12 for Saguenéens vs 11 for Sewer Rats.
Back to the Top